 Dungeon Crawl Stone Soup version 0.32-a0-918-g0f22ef8d61 (webtiles) character file.

Game seed: 1151219026645615486

93 pokedragonboy the Poker (level 4, -1/37 HPs)
             Began as a Ghoul Gladiator on Apr 11, 2024.
             Slain by a gnoll
             ... wielding a +0 halberd
              (7 damage)
             ... on level 3 of the Dungeon.
             The game lasted 00:03:41 (1686 turns).

pokedragonboy the Poker (Ghoul Gladiator)           Turns: 1686, Time: 00:03:41

Health: -1/37      AC:  9    Str: 19    XL:     4   Next: 61%
Magic:  4/4        EV:  7    Int:  7    God:
Gold:   69         SH:  0    Dex: 10    Spells: 3/3 levels left

rFire   . . .        a - +0 trident
rCold   + . .        (no shield)
rNeg    + + +        i - +0 chain mail
rPois   ∞            c - +0 helmet
rElec   .            (no cloak)
rCorr   .            (no gloves)
SInv    .            (no boots)
Will    .....        f - amulet of regeneration Stlth
                     (no ring)
HPRegen 0.00/turn    (no ring)
MPRegen 0.09/turn

%: no passive effects
@: inhibited regen
A: claws 1, cold resistance 1, negative energy resistance 3, inhibited
regeneration, torment resistance 2, devour on kill
a: no special abilities


You were on level 3 of the Dungeon.
You visited 1 branch of the dungeon, and saw 3 of its levels.

You collected 69 gold pieces.

Inventory:

Hand Weapons
 a - a +0 trident (weapon)
Missiles
 d - 3 throwing nets (quivered)
 e - a javelin
Armour
 c - a +0 helmet (worn)
 i - a +0 chain mail (worn)
Jewellery
 f - an amulet of regeneration (around neck)
Scrolls
 g - a scroll of enchant armour {unknown}
 j - 2 scrolls of teleportation {unknown}
 l - 2 scrolls of identify {unknown}
 m - a scroll of fear {unknown}
 n - a scroll of torment {unknown}
 p - a scroll of poison {unknown}
Potions
 b - a potion of heal wounds {unknown}
 h - a potion of ambrosia {unknown}
 k - a potion of berserk rage {unknown}
 o - a potion of degeneration {unknown}


   Skills:
 + Level 2.8 Fighting
 * Level 3.5 Polearms
 - Level 1.7 Throwing
 * Level 2.1 Armour
 - Level 2.6 Dodging
 + Level 1.1 Invocations


You had 3 spell levels left.
You didn't know any spells.
Your spell library was empty.

Dungeon Overview and Level Annotations

Branches:
Dungeon (3/15)

Altars:


Innate Abilities, Weirdness & Mutations

You are immune to poison.
You have sharp fingernails.
Your flesh is cold resistant. (rC+)
You are immune to negative energy. (rN+++)
You do not regenerate when monsters are visible.
You are immune to unholy pain and torment.
You thrive by killing the living.


Message History

The ball python constricts you. The gnoll hits you with a +0 flail.
The gnoll hits you but does no damage.
The ball python bites you but does no damage.
The ball python constricts you.
You hit the gnoll.
You kill the gnoll!
You feel better. The gnoll hits you but does no damage.
The ball python bites you but does no damage.
The ball python constricts you.
The gnoll hits you from afar with a +0 spear.
You closely miss the ball python. The ball python bites you.
The ball python constricts you.
* * * LOW HITPOINT WARNING * * *
The gnoll hits you but does no damage.
The ball python bites you but does no damage.
The ball python constricts you.
You puncture the ball python!
You kill the ball python!
You feel better. The gnoll barely misses you.
Unknown command.
The gnoll attacks as it pursues you! The gnoll barely misses you.
You see here a ball python corpse.
Reach: a) +0 trident
Press: ? - help, Dir - move target, f - gnoll
Aim: a gnoll, wielding a +0 spear (about 40% to evade your +0 trident)
You reach to attack!
You closely miss the gnoll. The gnoll barely misses you.
You are too injured to fight recklessly!
You are too injured to fight recklessly!
You are too injured to fight recklessly!
The gnoll hits you from afar with a +0 halberd.
The gnoll hits you but does no damage.
You hit the gnoll.
The gnoll is moderately wounded.
The gnoll hits you from afar with a +0 halberd.
* * * LOW HITPOINT WARNING * * *
The gnoll hits you but does no damage.
You puncture the gnoll!
The gnoll is severely wounded.
The gnoll hits you from afar with a +0 halberd!
You die...

...~~...............#
.≈.~~~~.............#
~~..≈.~.............#
~....≈..............#
≈.≈~≈...............#
...~.~......#....>..#
.~~...~.[...........#
~~~.~~...........†..#
#...###.......##@####
...####.......##g#
.............###g####...
.#...##....†............
.###..........#.........
## ###.........#.......
## #..###...........# .#
.... ###.##....### .#
.#... #.# ....#


You could see 2 gnolls.

Vanquished Creatures
  3 adders
  2 gnolls (D:3)
  2 ribbon worms
  An orc (D:3)
  3 ball pythons
  6 endoplasms
  4 giant cockroaches
  3 goblins
  A hobgoblin (D:3)
  2 quokkas
  3 bats
  2 frilled lizards
  2 kobolds
  4 rats
38 creatures vanquished.

Notes
Turn   | Place    | Note
-------+----------+-------------------------------------------
     0 | D:1      | pokedragonboy the Ghoul Gladiator began the quest for the
                  | Orb.
     0 | D:1      | Reached XP level 1. HP: 17/17 MP: 1/1
   297 | D:1      | Reached XP level 2. HP: 25/25 MP: 2/2
   516 | D:1      | Reached skill level 3 in Polearms
   516 | D:1      | Reached skill level 1 in Armour
   756 | D:1      | Found a faded altar of an unknown god.
  1036 | D:2      | Reached XP level 3. HP: 29/30 MP: 3/3
  1227 | D:2      | You fall into a shaft and drop 1 floor!
  1616 | D:3      | Reached XP level 4. HP: 37/37 MP: 4/4
  1664 | D:3      | Reached skill level 1 in Invocations
  1686 | D:3      | Slain by a gnoll

Illustrated notes

Levels and vault maps discovered:
D:1:      reono_arrival_forest_river, layout_basic,
          dreamdust_ecumenical_altar_hidden_monk_grotto, serial_park_tiny_pond,
          lemuel_flame_loot_1
D:2:      layout_loops_cross
D:3:      layout_rooms, serial_rivers, chequers_serial_rivers_micro_a,
          chequers_serial_rivers_micro_d, chequers_serial_rivers_small_3,
          chequers_serial_rivers_room_a, chequers_serial_rivers_room_b,
          chequers_serial_rivers_marsh, ebering_ghost_sewer_d, minivault_5,
          uniq_terence

Skill      XL: |  1  2  3  4 |
---------------+-------------+-----
Polearms       | 3 |  3.5
Armour         | 1 2 |  2.1
Invocations    | 1 |  1.1
Fighting       | |  2.8
Throwing       | |  1.7
Dodging        | |  2.6

Action                     |  1- 3 |  4- 6 || total
---------------------------+-------+-------++-------
  Melee: Trident           |   114 |    25 ||   139
 Armour: Chain mail        |    81 |    39 ||   120
         Leather armour    |     2 |       ||     2
  Dodge: Dodged            |    29 |    12 ||    41

Table legend: (Time is in decaauts)
 A = Elapsed time spent in this place.
 B = Non-inter-level travel time spent in this place.
 C = Inter-level travel time spent in this place.
 D = Time resting spent in this place.
 E = Time spent auto-exploring this place.
 F = Levels seen in this place.
 G = Mean time per level.
                   A        B        C        D        E       F      G
               +--------+--------+--------+--------+--------+-----+--------+
         Total |   1709 |   1653 |     56 |      0 |   1330 |   3 |  569.7 |
       Dungeon |   1709 |   1653 |     56 |      0 |   1330 |   3 |  569.7 |
               +--------+--------+--------+--------+--------+-----+--------+

Top non-repeatable levels by time:
     D:1: 1012 daAuts
     D:2: 559 daAuts
     D:3: 137 daAuts
